 Dungeon Crawl Stone Soup version 0.31-a0-178-g96ec847f19 (webtiles) character file.

Game seed: 10407737418742503874

604 qw the Shooter (level 7, -4/66 HPs)
             Began as a Naga Hunter on June 18, 2023.
             Slain by an iguana (12 damage)
             ... on level 5 of the Dungeon.
             The game lasted 00:01:14 (4230 turns).

qw the Shooter (Naga Hunter)                        Turns: 4230, Time: 00:01:15

Health: -4/66      AC:  3    Str: 14    XL:     7   Next: 42%
Magic:  7/7        EV:  9    Int:  9    God:
Gold:   240        SH:  5    Dex: 16    Spells: 6/6 levels left

rFire   . . .        b - +0 longbow (drain)
rCold   . . .        (shield currently unavailable)
rNeg    . . .        c - +0 leather armour
rPois   +            (no helmet)
rElec   .            (no cloak)
rCorr   .            (no gloves)
SInv    +            (no barding)
Will    +....        f - amulet of reflection
Stlth   ++           j - ring of willpower
HPRegen 0.31/turn    (no ring)
MPRegen 0.10/turn

%: reflection
@: very slow
A: AC +2, large, see invisible, deformed body, poison resistance, slowness 2,
spit poison 1, naga tail 1
a: Spit Poison


You were on level 5 of the Dungeon.
You visited 1 branch of the dungeon, and saw 5 of its levels.

You collected 276 gold pieces.
You spent 36 gold pieces at shops.


Innate Abilities, Weirdness & Mutations

Your serpentine skin is tough. (AC +2)
You have supernaturally acute eyesight. (SInv)
Armour fits poorly on your strangely shaped body.
Your system is resistant to poisons. (rPois)
You cover ground very slowly.
You can spit poison.
You have a snake-like lower body.


   Skills:
 - Level 4.5 Fighting
 - Level 7.0 Ranged Weapons
 + Level 1.6 Dodging
 - Level 1.5 Stealth


You had 6 spell levels left.
You didn't know any spells.
Your spell library was empty.

Inventory:

Hand Weapons
 b - a +0 longbow of draining (weapon)
Armour
 c - a +0 leather armour (worn)
Jewellery
 f - an amulet of reflection (around neck)
 j - a ring of willpower (left hand)
Scrolls
 e - a scroll of identify
 g - 2 scrolls of blinking {unknown}
 h - a scroll of enchant armour
Potions
 a - a potion of haste
 d - a potion of might

Dungeon Overview and Level Annotations

Branches:
Dungeon (5/15)
 Temple: D:4-7

Altars:
Dithmenos
Gozag
Hepliaklqana
Kikubaaqudgha
Nemelex Xobeh
Ru
Wu Jian
Zin
The Shining One

Shops:
D:1 ?   D:5 :!(


Message History

The gnoll misses you. The gnoll barely misses you.
You shoot an arrow. The arrow hits the gnoll!
You kill the gnoll!
You have got your breath back.
You block the gnoll's attack.
The gnoll hits you from afar with a +0 halberd.
The white imp closely misses you.
You shoot an arrow. The arrow hits the white imp!
You kill the white imp!
The gnoll barely misses you.
Your Ranged Weapons skill increases to level 7!
4225 ||| INVOKING Spit Poison.
Aiming: Spit Poison (1% risk of failure)
Press: ? - help, Shift-Dir - straight line, f - gnoll The splash of poison hits the gnoll but does no damage.
The gnoll hits you but does no damage.
You shoot an arrow. The arrow hits the gnoll!
You drain the gnoll.
You kill the gnoll!
Your surroundings suddenly seem different.
A shadow imp comes into view.
Found a peridot ring and a fizzy ruby potion.
Enter note:
Enter note:
4227 ||| READING scroll of teleportation.
As you read the scroll of teleportation, it crumbles to dust.
You feel strangely unstable.
The shadow imp shouts!
You shoot an arrow. The arrow barely misses the shadow imp.
The shadow imp hits you. You block the shadow imp's attack.
You shoot an arrow.
The arrow closely misses the shadow imp.
Your surroundings suddenly seem different.
An iguana comes into view.
Enter note:
Enter note: You shoot an arrow.
The arrow hits the iguana.
The iguana is lightly wounded.
You have got your breath back.
The iguana bites you!
You die...

#.......#
#...)))####...
.##
#....#..gg....
..##
#..#.#.#####..
... .
##..#.#.#
#..###..##..
........#
#\.#........
#####.###
#...........
##.##
#...l.......
#...# #..@..#
#...# #.##..#
#...# # ...#
####...#####
.....
...........#
###...#
............
#...
.[..........#
##.
####...####.#
#...# #


You could see an iguana.

Vanquished Creatures
  A water moccasin (D:4)
  A scorpion (D:4)
  2 hounds
  A gnoll bouda (D:5)
  Jessica (D:3)
  4 iguanas
  2 orc wizards
  3 gnolls (D:5)
  5 adders (D:3)
  A white imp (D:5)
  A dart slug (D:2)
  7 orcs
  5 endoplasms
  3 giant cockroaches
  6 goblins
  12 hobgoblins
  2 jackals (D:1)
  5 quokkas
  9 ball pythons
  4 bats
  4 frilled lizards
  7 kobolds
  6 rats
92 creatures vanquished.

Notes
Turn   | Place    | Note
-------+----------+-------------------------------------------
     0 | D:1      | qw the Naga Hunter began the quest for the Orb.
     0 | D:1      | Reached XP level 1. HP: 19/19 MP: 1/1
     0 | D:1      | 0 ||| qw: Version: 0.3-a-7-ge0c9b40
     0 | D:1      | 0 ||| qw: Game counter: 862
     0 | D:1      | 0 ||| qw: Always use a shield: true
     0 | D:1      | 0 ||| qw: God list: Okawaru
     0 | D:1      | 0 ||| qw: Allow faded altars: false
     0 | D:1      | 0 ||| qw: Do Orc after D:15 true
     0 | D:1      | 0 ||| qw: Do second Lair branch before Depths: true
     0 | D:1      | 0 ||| qw: Lair rune preference: random
     0 | D:1      | 0 ||| qw: Plans: Normal
     0 | D:1      | 0 ||| PLANNING D:1-11
   133 | D:1      | 133 ||| INVOKING Spit Poison.
   154 | D:1      | Reached skill level 4 in Ranged Weapons
   154 | D:1      | Reached XP level 2. HP: 26/26 MP: 2/2
   158 | D:1      | 158 ||| INVOKING Spit Poison.
   161 | D:1      | 161 ||| INVOKING Spit Poison.
   191 | D:1      | 191 ||| INVOKING Spit Poison.
   206 | D:1      | 206 ||| INVOKING Spit Poison.
   249 | D:1      | 249 ||| INVOKING Spit Poison.
   280 | D:1      | 280 ||| INVOKING Spit Poison.
   327 | D:1      | 327 ||| INVOKING Spit Poison.
   336 | D:1      | 336 ||| INVOKING Spit Poison.
   342 | D:1      | 342 ||| INVOKING Spit Poison.
   389 | D:1      | 389 ||| INVOKING Spit Poison.
   392 | D:1      | Reached XP level 3. HP: 32/32 MP: 3/3
   424 | D:1      | 424 ||| INVOKING Spit Poison.
   511 | D:1      | Found Ynodip's Magic Scroll Boutique.
   514 | D:1      | 514 ||| SHOPLISTING scroll of enchant armour (90 gold, have
                  | 38).
   514 | D:1      | 514 ||| SHOPLISTING scroll of enchant weapon (90 gold, have
                  | 38).
   514 | D:1      | 514 ||| BUYING scroll of teleportation (36 gold).
   514 | D:1      | Bought a scroll of teleportation for 36 gold pieces
   680 | D:1      | 680 ||| INVOKING Spit Poison.
   886 | D:1      | 886 ||| INVOKING Spit Poison.
   892 | D:1      | 892 ||| INVOKING Spit Poison.
   922 | D:1      | 922 ||| INVOKING Spit Poison.
  1094 | D:1      | 1094 ||| UPGRADING to amulet of reflection.
  1099 | D:1      | 1099 ||| UPGRADING to ring of willpower.
  1100 | D:1      | 1100 ||| READING scroll labelled NEVVEASEUW.
  1101 | D:1      | 1101 ||| READING scroll labelled UCUTET BEZU.
  1102 | D:1      | 1102 ||| READING scroll labelled ICUQU VIES.
  1103 | D:1      | 1103 ||| READING scroll labelled SAUPLO WAOTREWN.
  1162 | D:1      | 1162 ||| DROPPING scroll of butterflies.
  1393 | D:2      | 1393 ||| INVOKING Spit Poison.
  1398 | D:2      | 1398 ||| INVOKING Spit Poison.
  1403 | D:2      | 1403 ||| INVOKING Spit Poison.
  1409 | D:2      | 1409 ||| INVOKING Spit Poison.
  1606 | D:2      | 1606 ||| INVOKING Spit Poison.
  1875 | D:2      | 1875 ||| READING scroll labelled MAOTWA ORENK.
  1876 | D:2      | 1876 ||| READING 2 scrolls labelled VAYTTU BIZILE.
  1902 | D:3      | 1902 ||| INVOKING Spit Poison.
  1910 | D:3      | 1910 ||| INVOKING Spit Poison.
  1931 | D:3      | 1931 ||| INVOKING Spit Poison.
  1935 | D:3      | 1935 ||| INVOKING Spit Poison.
  1939 | D:3      | Reached skill level 5 in Ranged Weapons
  1939 | D:3      | Reached XP level 4. HP: 26/39 MP: 4/4
  2029 | D:3      | 2029 ||| INVOKING Spit Poison.
  2041 | D:3      | 2041 ||| INVOKING Spit Poison.
  2096 | D:3      | 2096 ||| INVOKING Spit Poison.
  2102 | D:3      | 2102 ||| INVOKING Spit Poison.
  2108 | D:3      | 2108 ||| INVOKING Spit Poison.
  2191 | D:3      | 2191 ||| INVOKING Spit Poison.
  2248 | D:3      | 2248 ||| INVOKING Spit Poison.
  2263 | D:3      | 2263 ||| INVOKING Spit Poison.
  2316 | D:3      | 2316 ||| SWAPPING to +0 arbalest.
  2317 | D:3      | 2317 ||| INVOKING Spit Poison.
  2318 | D:3      | 2318 ||| DROPPING +0 shortbow.
  2391 | D:3      | 2391 ||| INVOKING Spit Poison.
  2395 | D:3      | Reached skill level 3 in Fighting
  2486 | D:3      | Found an opulent altar of Gozag.
  2486 | D:3      | Found a glowing silver altar of Zin.
  2526 | D:3      | Noticed Jessica
  2530 | D:3      | 2530 ||| INVOKING Spit Poison.
  2533 | D:3      | Killed Jessica
  2534 | D:3      | Reached XP level 5. HP: 49/49 MP: 5/5
  2596 | D:3      | 2596 ||| INVOKING Spit Poison.
  2681 | D:3      | 2681 ||| INVOKING Spit Poison.
  2763 | D:3      | 2763 ||| INVOKING Spit Poison.
  2780 | D:3      | 2780 ||| READING scroll labelled PIFIUCW CEOSIUDGH.
  2780 | D:3      | Identified a scroll of acquirement
  2780 | D:3      | 2780 ||| ACQUIRING +0 longbow of draining
  2780 | D:3      | Acquired a +0 longbow of draining
  2782 | D:3      | 2782 ||| SWAPPING to +0 longbow of draining.
  2783 | D:3      | 2783 ||| DROPPING +0 arbalest.
  2784 | D:3      | 2784 ||| DRINKING 2 smoky green potions.
  2785 | D:3      | 2785 ||| READING 3 scrolls of identify.
  2785 | D:3      | 2785 ||| IDENTIFYING murky cyan potion
  2825 | D:4      | 2825 ||| INVOKING Spit Poison.
  2829 | D:4      | 2829 ||| INVOKING Spit Poison.
  2831 | D:4      | Reached skill level 6 in Ranged Weapons
  2831 | D:4      | Reached XP level 6. HP: 47/56 MP: 6/6
  2881 | D:4      | 2881 ||| INVOKING Spit Poison.
  2920 | D:4      | 2920 ||| INVOKING Spit Poison.
  2971 | D:4      | 2971 ||| INVOKING Spit Poison.
  2975 | D:4      | 2975 ||| INVOKING Spit Poison.
  3014 | D:4      | Found a shadowy altar of Dithmenos.
  3121 | D:4      | Noticed a water moccasin
  3130 | D:4      | Killed a water moccasin
  3213 | D:4      | 3213 ||| INVOKING Spit Poison.
  3288 | D:4      | 3288 ||| INVOKING Spit Poison.
  3292 | D:4      | Found a sacrificial altar of Ru.
  3294 | D:4      | 3294 ||| INVOKING Spit Poison.
  3338 | D:4      | Found an ornate altar of the Wu Jian Council.
  3377 | D:4      | 3377 ||| INVOKING Spit Poison.
  3429 | D:4      | 3429 ||| INVOKING Spit Poison.
  3433 | D:4      | 3433 ||| INVOKING Spit Poison.
  3541 | D:4      | Found a glowing golden altar of the Shining One.
  3542 | D:4      | 3542 ||| INVOKING Spit Poison.
  3560 | D:4      | Found an ancient bone altar of Kikubaaqudgha.
  3638 | D:4      | 3638 ||| INVOKING Spit Poison.
  3642 | D:4      | 3642 ||| INVOKING Spit Poison.
  3645 | D:4      | 3645 ||| INVOKING Spit Poison.
  3648 | D:4      | 3648 ||| INVOKING Spit Poison.
  3649 | D:4      | Reached XP level 7. HP: 47/66 MP: 7/7
  3756 | D:4      | Found a sparkling altar of Nemelex Xobeh.
  4037 | D:4      | 4037 ||| READING 3 scrolls of identify.
  4037 | D:4      | 4037 ||| IDENTIFYING clear potion
  4038 | D:4      | 4038 ||| READING 2 scrolls of identify.
  4038 | D:4      | 4038 ||| IDENTIFYING orange potion
  4039 | D:4      | 4039 ||| DROPPING potion of ambrosia.
  4040 | D:4      | 4040 ||| DROPPING potion of degeneration.
  4059 | D:5      | Entered Level 5 of the Dungeon
  4060 | D:5      | 4060 ||| INVOKING Spit Poison.
  4106 | D:5      | 4106 ||| INVOKING Spit Poison.
  4114 | D:5      | Found a hazy altar of Hepliaklqana.
  4130 | D:5      | Found Atedwot's Book Shop.
  4158 | D:5      | 4158 ||| INVOKING Spit Poison.
  4162 | D:5      | 4162 ||| INVOKING Spit Poison.
  4209 | D:5      | 4209 ||| INVOKING Spit Poison.
  4213 | D:5      | 4213 ||| INVOKING Spit Poison.
  4214 | D:5      | 4214 ||| Stepping ~*~*~tactically~*~*~ (outnumbered).
  4216 | D:5      | 4216 ||| INVOKING Spit Poison.
  4220 | D:5      | 4220 ||| INVOKING Spit Poison.
  4221 | D:5      | HP: 16/66 [gnoll/+0 halberd[a gnoll bouda] (8)]
  4222 | D:5      | 4222 ||| READING 2 scrolls of teleportation.
  4223 | D:5      | HP: 7/66 [gnoll/+0 halberd[a gnoll bouda] (3)]
  4225 | D:5      | Reached skill level 7 in Ranged Weapons
  4225 | D:5      | 4225 ||| INVOKING Spit Poison.
  4226 | D:5      | Found Ritu's Distillery.
  4227 | D:5      | 4227 ||| READING scroll of teleportation.
  4228 | D:5      | HP: 7/66 [shadow imp (2)]
  4229 | D:5      | Found Riekhlofu's Antique Weapon Shop.
  4230 | D:5      | Slain by an iguana

Levels and vault maps discovered:
D:1:      dpeg_arrival_court, layout_basic, serial_shops,
          nicolae_shop_rolled_up, hangedman_decor_peaks_small,
          minmay_indecisive_spiral
D:2:      layout_loops_ring, grunt_decor_cap, wad_floor_pattern_1
D:3:      layout_basic, grunt_temple_overflow_gold_and_silver, st_stairs_3,
          uniq_jessica
D:4:      layout_basic, mainiacjoe_overflow_chevrons, nzn_wu_jian_contemplation,
          mainiacjoe_overflow_six_doors_small, amcnicky_altar_gilded,
          mainiacjoe_overflow_alcove_1, nemelex_diamond_rough_becter,
          serial_forest, infiniplex_forest_clump_cross,
          infiniplex_forest_fountain, infiniplex_forest_lined_ring,
          infiniplex_forest_lined_room_2, infiniplex_forest_clump_cross,
          infiniplex_forest_clump_tiny, infiniplex_forest_end_3
D:5:      layout_loops_cross, kennysheep_mini, minmay_temple_entry_stoned_glass,
          serial_shops, shop, shop, shop, nicolae_titane

Skill      XL: |  1  2  3  4  5  6  7 |
---------------+----------------------+-----
Ranged Weapons | 4 5 6 7 |  7.0
Fighting       | 3 4 |  4.5
Dodging        | |  1.6
Stealth        | |  1.5

Action                     |  1- 3 |  4- 6 |  7- 9 || total
---------------------------+-------+-------+-------++-------
   Fire: Shortbow          |    76 |    24 |       ||   100
         Arbalest          |       |    14 |       ||    14
         Longbow           |       |    32 |    33 ||    65
Ability: Spit Poison       |    25 |    31 |     9 ||    65
    Use: Scroll            |     6 |     2 |     4 ||    12
         Potion            |       |     1 |       ||     1
 Armour: Leather armour    |     6 |     8 |     1 ||    15
  Dodge: Dodged            |    13 |    18 |    19 ||    50
  Block: Other             |     6 |     9 |     8 ||    23

Table legend:
 A = Non-vault XP
 B = Vault XP
 C = Vault XP percentage of total XP
 D = Non-vault monster count
 E = Vault monster count
 F = Vault count percentage of total count
                 A         B        C        D         E       F
            +---------+---------+-------+---------+---------+-------
      Total |     808 |      55 |   6.4 |      86 |       6 |   6.5
            +---------+---------+-------+---------+---------+-------
        D:1 |      43 |       4 |   8.5 |      26 |       3 |  10.3
        D:2 |      25 |       0 |   0.0 |      13 |       0 |   0.0
        D:3 |     121 |      51 |  29.7 |      21 |       3 |  12.5
        D:4 |     409 |       0 |   0.0 |      16 |       0 |   0.0
        D:5 |     210 |       0 |   0.0 |      10 |       0 |   0.0
            +---------+---------+-------+---------+---------+-------
